Map: Ujari

Players

Kewl

  • Race: Protoss Protoss
  • Spawn Location: 0:00

pta

  • Race: Zerg Zerg
  • Spawn Location: 3:00

Kuniáš

  • Race: Zerg Zerg
  • Spawn Location: 3:00

A.I. 3 (Harder) - Winner!

  • Race: Zerg Zerg
  • Spawn Location: 9:00

A.I. 4 (Very Hard) - Winner!

  • Race: Terran Terran
  • Spawn Location: 0:00

A.I. 5 (Harder) - Winner!

  • Race: Protoss Protoss
  • Spawn Location: 9:00

VOD

Have the link to the VOD?

Description

Time

  • Played on: April 20, 2019, 5:39 p.m.
  • Length: 15:56
Show
View Real Time Build Order
Export as new Build Order

Kewl Protoss 

Build Orders:  

Get SALT Encoding   

  1  0:00  Probe  
  12  0:07  Probe  
  14  0:18  Probe  
  15  0:28  Pylon  
  15  0:46  Probe  
  15  0:49  Pylon  
  16  0:58  Probe  
  17  1:10  Nexus  
  17  1:21  Pylon  
  17  1:26  Assimilator  
  17  1:31  Assimilator  
  17  1:40  Forge  
  17  1:50  Gateway, Probe  
  18  1:58  Probe  
  19  2:08  Probe  
  20  2:18  Photon Cannon  
  20  2:20  Photon Cannon  
  20  2:23  Probe  
  21  2:35  Probe  
  22  2:39  Photon Cannon  
  22  2:41  Zealot  
  22  2:43  Probe  
  24  2:51  Probe  
  25  2:56  Probe  
  27  3:00  Probe  
  28  3:08  Probe, Photon Cannon  
  29  3:16  Cybernetics Core  
  29  3:20  Probe  
  30  3:28  Probe  
  31  3:37  Probe  
  31  3:39  Photon Cannon  
  32  3:41  Zealot  
  32  3:45  Probe  
  34  3:53  Probe  
  36  4:04  Probe  
  36  4:09  Photon Cannon  
  37  4:11  Photon Cannon  
  37  4:14  Photon Cannon  
  37  4:16  Probe  
  38  4:17  Photon Cannon  
  38  4:27  Photon Cannon, Zealot  
  40  4:35  Twilight Council  
  40  4:41  Photon Cannon  
  40  4:42  Probe  
  40  4:50  Probe  
  42  5:00  Probe  
  42  5:04  Photon Cannon  
  42  5:05  Zealot  
  39  5:12  Probe  
  40  5:18  Pylon  
  40  5:24  Probe  
  41  5:32  Zealot  
  41  5:45  Photon Cannon  
  41  5:46  Photon Cannon  
  41  5:51  Photon Cannon  
  41  5:52  Photon Cannon  
  41  5:54  Photon Cannon  
  41  5:55  Photon Cannon  
  38  6:23  Photon Cannon  
  36  6:25  Photon Cannon  
  36  6:27  Photon Cannon  
  36  6:30  Photon Cannon  
  36  6:32  Gateway  
  36  7:30  Pylon  
  36  7:45  Zealot  
  36  7:48  Stargate  
  36  7:49  Stargate  
  38  7:52  Stargate  
  38  8:01  Pylon  
  38  8:03  Pylon  
  38  8:05  Pylon  
  38  8:07  Probe  
  38  8:12  Zealot  
  41  8:16  Probe  
  42  8:24  Forge  
  42  8:26  Probe  
  43  8:38  Fleet Beacon  
  43  8:39  Zealot  
  45  8:50  Nexus  
  45  8:58  Photon Cannon  
  45  8:59  Photon Cannon  
  45  9:01  Photon Cannon  
  45  9:04  Photon Cannon x2  
  45  9:05  Photon Cannon  
  45  9:06  Zealot  
  45  9:07  Photon Cannon  
  47  9:12  Photon Cannon  
  47  9:16  Photon Cannon  
  47  9:18  Photon Cannon  
  47  9:20  Photon Cannon  
  47  9:22  Photon Cannon  
  47  9:24  Photon Cannon  
  47  9:26  Photon Cannon  
  47  9:28  Photon Cannon  
  47  9:30  Photon Cannon  
  41  9:32  Photon Cannon  
  41  9:33  Zealot  
  41  9:34  Photon Cannon  
  41  9:35  Photon Cannon  
  40  9:57  Tempest  
  40  9:59  Tempest  
  45  10:00  Zealot  
  45  10:04  Photon Cannon  
  51  10:18  Pylon  
  51  10:23  Pylon  
  51  10:29  Tempest  
  39  11:05  Tempest  
  39  11:11  Probe  
  45  11:19  Probe  
  46  11:27  Pylon  
  46  11:29  Probe  
  47  11:41  Probe  
  47  11:43  Pylon  
  48  11:47  Photon Cannon  
  48  12:00  Photon Cannon  
  48  12:09  Photon Cannon  
  48  12:12  Probe  
  48  12:20  Probe  
  49  12:28  Photon Cannon  
  50  12:30  Probe  
  51  12:45  Photon Cannon  
  51  12:47  Photon Cannon  
  51  12:55  Photon Cannon  
  51  13:38  Tempest  
  51  13:46  Zealot  
Show
View Real Time Build Order
Export as new Build Order

pta Zerg 

Build Orders: Hatch First, Lurkers 

Get SALT Encoding   

  12  0:11  Drone  
  13  0:38  Drone  
  14  0:45  Hatchery, Drone  
  14  0:50  Overlord  
  14  1:14  Drone x3  
  17  1:20  Spawning Pool  
  16  1:27  Drone  
  16  1:30  Extractor  
  16  1:36  Extractor, Drone  
  16  1:47  Drone  
  17  2:03  Drone  
  17  2:08  Drone  
  19  2:28  Queen  
  21  2:33  Lair  
  21  2:39  Drone x3  
  21  2:43  Drone  
  21  2:44  Drone x2  
  27  3:02  Roach Warren, Drone  
  27  3:21  Lair  
  27  3:35  Overlord x3  
  27  3:41  Drone  
  28  3:49  Glial Reconstitution  
  28  3:51  Metabolic Boost  
  28  3:53  Queen  
  28  3:54  Drone x2  
  28  3:55  Drone  
  33  4:18  Drone x3  
  33  4:20  Drone x3  
  39  4:34  Drone  
  39  4:36  Extractor  
  39  4:38  Extractor  
  38  4:39  Drone x2  
  40  4:54  Drone x2  
  44  5:00  Roach x4  
  50  5:20  Roach x2  
  41  5:46  Zergling x2  
  41  5:47  Zergling x12  
  30  6:20  Roach  
  30  6:21  Roach x2  
  34  6:33  Queen  
  35  6:40  Roach  
  35  6:44  Roach  
  38  6:48  Roach  
  40  6:55  Roach  
  42  7:04  Roach  
  44  7:09  Queen  
  42  7:29  Roach  
  46  7:30  Roach  
  46  8:05  Spine Crawler  
  45  8:07  Spine Crawler  
  44  8:13  Spine Crawler  
  43  8:31  Drone x3  
  43  8:32  Hatchery  
  45  9:01  Evolution Chamber  
  44  9:03  Evolution Chamber  
  43  9:14  Roach  
  43  9:15  Overlord x4  
  45  9:32  Zerg Ground Armor Level 1  
  45  9:33  Hatchery, Zerg Missile Weapons Level 1  
  42  9:45  Roach  
  34  10:01  Roach x5  
  34  10:02  Roach x2  
  48  10:15  Drone  
  49  10:21  Hydralisk Den  
  49  10:22  Infestation Pit  
  49  10:28  Drone x2  
  49  10:47  Spire  
  49  10:49  Drone x4  
  52  10:50  Roach  
  52  10:53  Grooved Spines  
  54  11:17  Lurker Den  
  53  11:19  Hydralisk  
  53  11:20  Hydralisk x8  
  53  11:21  Hydralisk x2  
  75  11:27  Overlord  
  75  11:38  Queen  
  77  11:43  Drone  
  77  11:44  Drone x2  
  80  11:47  Overlord  
  80  12:01  Overseer  
  80  12:02  Overseer  
  80  12:04  Muscular Augments, Drone  
  80  12:05  Drone x3  
  84  12:11  Overlord  
  84  12:15  Drone x2  
  86  12:25  Hive  
  86  12:54  Lurker x3  
  86  12:55  Lurker  
  38  13:42  Mutalisk x2  
  38  13:43  Mutalisk x3  
  42  14:19  Overlord x2  
  42  14:20  Overlord x4  
  32  14:44  Mutalisk x3  
  32  14:45  Mutalisk x7  
  52  14:59  Hydralisk Den  
  51  15:02  Infestation Pit  
  46  15:16  Spawning Pool  
Show
View Real Time Build Order
Export as new Build Order

Kuniáš Zerg 

Build Orders: Pool First 

Get SALT Encoding   

  12  0:25  Spawning Pool  
  11  0:46  Drone x3  
  14  0:55  Extractor  
  13  0:59  Drone  
  14  1:11  Overlord  
  14  1:31  Extractor  
  14  1:32  Drone x2  
  15  1:41  Drone  
  16  2:04  Drone x2  
  18  2:08  Lair  
  18  2:14  Drone  
  19  2:32  Drone  
  19  2:34  Overlord  
  20  3:10  Hatchery  
  19  3:13  Drone  
  19  3:14  Drone  
  19  3:16  Queen  
  23  3:23  Drone  
  24  3:32  Hydralisk Den  
  23  3:40  Spine Crawler  
  22  3:44  Drone x2  
  24  3:50  Drone  
  24  3:55  Evolution Chamber  
  24  4:02  Muscular Augments  
  24  4:27  Overlord  
  24  4:28  Overlord x2  
  24  4:33  Zerg Missile Weapons Level 1  
  24  4:36  Hydralisk x3  
  30  4:51  Zergling x2  
  31  4:54  Metabolic Boost  
  31  5:08  Hydralisk x3  
  31  5:14  Grooved Spines  
  33  5:19  Spine Crawler  
  32  5:24  Spine Crawler  
  22  5:54  Spine Crawler  
  21  6:00  Zergling x6  
  24  6:10  Drone x3  
  25  6:26  Zergling x4  
  26  6:34  Zergling x2  
  27  6:44  Zergling x2  
  25  7:05  Zergling x8  
  29  7:14  Zergling x2  
  29  7:30  Drone x2  
  29  7:31  Drone  
  29  7:36  Queen  
  34  7:43  Zerg Melee Weapons Level 1  
  34  7:47  Zergling x8  
  38  8:09  Drone x4  
  42  8:34  Drone x2  
  42  8:35  Drone  
  45  8:41  Overlord  
  45  8:44  Overlord  
  45  8:45  Overlord  
  45  8:49  Hydralisk  
  47  9:18  Hatchery  
  43  9:26  Hydralisk x4  
  43  9:27  Hydralisk  
  47  9:33  Spine Crawler  
  43  9:57  Hydralisk x3  
  39  10:16  Hydralisk x4  
  39  10:17  Hydralisk x5  
  39  10:20  Hydralisk  
  53  10:39  Extractor  
  53  10:41  Drone x2  
  48  11:05  Hydralisk  
  48  11:06  Hydralisk x6  
  56  11:17  Zerg Missile Weapons Level 2  
  56  11:31  Drone x3  
  56  11:32  Queen  
  61  11:41  Extractor  
  61  11:43  Drone  
  61  11:48  Queen  
  63  11:54  Hydralisk x3  
  63  11:55  Hydralisk x3  
  75  12:21  Drone x2  
  75  12:22  Drone  
  78  12:39  Hatchery  
  77  13:14  Hydralisk x3  
  77  13:19  Overlord x3  
  83  13:20  Overlord x2  
  47  13:43  Hydralisk x2  
  47  13:44  Hydralisk x4  
  47  13:46  Hydralisk x3  
  49  14:01  Hydralisk x2  
  49  14:02  Hydralisk  
Show
View Real Time Build Order
Export as new Build Order

A.I. 3 (Harder) Zerg - Winner!

Build Orders: 1 Base Baneling Bust, Pool First, Zergling Baneling 

Get SALT Encoding   

  12  0:01  Drone  
  13  0:12  Overlord  
  13  0:17  Drone  
  14  0:30  Drone  
  14  0:31  Drone  
  16  0:45  Spawning Pool  
  16  0:47  Drone  
  16  0:51  Drone  
  16  0:55  Extractor  
  16  0:57  Drone  
  17  1:06  Overlord  
  17  1:34  Zergling x4, Queen  
  17  1:38  Drone  
  22  1:41  Roach Warren  
  22  1:42  Extractor  
  20  1:49  Drone  
  21  1:56  Baneling Nest  
  21  2:00  Drone  
  21  2:10  Drone  
  22  2:21  Zergling x2  
  23  2:32  Drone  
  24  2:40  Zergling x2, Baneling, Overlord  
  24  2:41  Zergling x2, Baneling  
  24  2:42  Baneling  
  26  2:45  Drone  
  27  2:54  Zergling x2, Baneling  
  28  3:03  Metabolic Boost  
  28  3:05  Zergling x2  
  29  3:12  Zergling x4  
  31  3:16  Zergling x2  
  32  3:23  Overlord  
  32  3:28  Zergling x2  
  32  3:30  Baneling  
  33  3:35  Baneling  
  33  3:38  Zergling x2  
  33  3:39  Baneling  
  34  3:43  Baneling  
  34  3:44  Zergling x2  
  34  3:47  Drone  
  36  3:51  Drone  
  38  3:55  Drone  
  38  4:01  Drone  
  39  4:10  Evolution Chamber  
  39  4:12  Drone  
  39  4:16  Drone  
  40  4:19  Overlord  
  40  4:23  Drone  
  41  4:28  Roach  
  43  4:36  Roach  
  45  4:45  Lair  
  45  4:52  Roach  
  47  4:57  Overlord  
  34  5:07  Roach  
  36  5:14  Roach  
  38  5:29  Zerg Melee Weapons Level 1  
  38  5:44  Hydralisk Den  
  38  5:49  Burrow  
  37  5:52  Zergling x2  
  38  5:59  Roach  
  40  6:07  Roach  
  42  6:14  Roach  
  44  6:21  Roach  
  46  6:25  Overlord  
  46  6:28  Hydralisk  
  48  6:36  Roach  
  50  6:42  Overseer, Hydralisk  
  50  6:44  Hatchery  
  51  6:50  Hydralisk  
  53  6:57  Hydralisk  
  55  7:04  Hydralisk  
  55  7:05  Overseer  
  57  7:11  Hydralisk, Spore Crawler  
  58  7:17  Spore Crawler  
  57  7:23  Zerg Missile Weapons Level 1  
  57  7:24  Queen  
  59  7:32  Infestation Pit  
  59  7:34  Drone  
  59  7:44  Spine Crawler  
  58  7:45  Drone  
  59  7:55  Spine Crawler  
  59  7:57  Drone  
  59  8:00  Drone  
  60  8:09  Drone  
  61  8:14  Drone  
  61  8:17  Drone  
  63  8:20  Drone  
  63  8:23  Drone  
  63  8:27  Drone  
  66  8:29  Drone  
  66  8:30  Overlord, Drone  
  66  8:32  Drone  
  69  8:34  Drone  
  69  8:38  Drone  
  71  8:50  Hive  
  71  9:01  Spire  
  61  9:21  Zergling x2  
  61  9:22  Evolution Chamber  
  61  9:23  Hatchery  
  56  9:54  Extractor  
  56  9:58  Infestor  
  56  9:59  Extractor, Drone  
  55  10:14  Greater Spire, Corruptor  
  55  10:17  Pneumatized Carapace  
  57  10:34  Overseer  
  57  10:36  Drone  
  57  10:37  Drone  
  43  11:02  Extractor  
  40  11:05  Drone  
  40  11:06  Extractor  
  40  11:08  Drone  
  41  11:11  Overseer  
  41  11:13  Drone  
  41  11:16  Drone  
  43  11:19  Drone  
  43  11:22  Drone  
  43  11:25  Drone  
  46  11:26  Brood Lord  
  46  11:27  Corruptor  
  46  11:30  Drone  
  51  11:36  Corruptor  
  53  11:40  Drone  
  53  11:43  Drone  
  53  11:45  Drone  
  53  11:46  Corruptor  
  58  11:48  Drone  
  58  11:51  Drone  
  58  11:54  Drone  
  61  11:56  Drone  
  61  11:58  Infestor  
  61  11:59  Drone  
  65  12:03  Overlord  
  65  12:06  Drone  
  65  12:08  Brood Lord  
  68  12:12  Corruptor  
  68  12:14  Drone  
  71  12:16  Drone  
  71  12:18  Drone  
  71  12:21  Brood Lord, Drone  
  76  12:23  Brood Lord  
  76  12:24  Overlord  
  76  12:26  Zergling x2  
  76  12:29  Zergling x2  
  80  12:30  Zergling x2  
  80  12:35  Mutalisk  
  83  12:38  Mutalisk  
  83  12:42  Mutalisk  
  87  12:46  Overlord  
  87  12:47  Zergling x2  
  87  12:49  Zergling x2  
  87  12:50  Zergling x2  
  90  12:52  Baneling  
  90  12:53  Brood Lord, Zergling x2  
  90  12:54  Baneling  
  90  12:57  Mutalisk  
  95  13:01  Zergling x2, Baneling x2  
  95  13:02  Mutalisk  
  98  13:06  Overlord  
  98  13:09  Mutalisk  
  98  13:11  Zergling x2, Baneling  
  101  13:13  Zergling x2  
  101  13:14  Zergling x2  
  101  13:15  Zergling x2  
  101  13:17  Zergling x2  
  101  13:19  Zergling x2  
  106  13:24  Zergling x2, Overlord  
  106  13:25  Zergling x2  
  106  13:26  Baneling  
  108  13:28  Zergling x2  
  108  13:29  Baneling  
  108  13:30  Baneling  
  108  13:31  Zergling x2  
  108  13:32  Baneling  
  108  13:33  Baneling  
  110  13:34  Zergling x2  
  110  13:37  Mutalisk  
  113  13:42  Mutalisk  
  113  13:44  Overlord  
  113  13:47  Mutalisk  
  117  13:49  Mutalisk  
  117  13:53  Mutalisk  
  121  14:02  Mutalisk, Overlord  
  123  14:03  Drone x2  
  123  14:05  Drone  
  123  14:06  Drone  
  123  14:08  Drone  
  123  14:09  Drone  
  129  14:11  Drone  
  130  14:21  Overlord, Drone  
  130  14:22  Drone  
  132  14:26  Centrifical Hooks  
  132  14:41  Overlord  
  132  14:52  Pathogen Glands  
  131  14:53  Zergling x2  
  130  15:00  Overseer  
  130  15:01  Overlord  
  130  15:20  Roach  
  132  15:23  Roach  
  132  15:25  Roach, Overlord  
  132  15:27  Roach  
  138  15:29  Roach  
  138  15:31  Hydralisk  
Show
View Real Time Build Order
Export as new Build Order

A.I. 4 (Very Hard) Terran - Winner!

Build Orders:  

Get SALT Encoding   

  12  0:01  SCV  
  13  0:13  SCV  
  14  0:20  Supply Depot  
  14  0:25  SCV  
  15  0:42  SCV  
  16  0:44  Barracks  
  16  0:54  SCV  
  17  1:06  SCV  
  18  1:18  SCV  
  19  1:19  Supply Depot  
  19  1:23  Refinery  
  19  1:30  SCV  
  20  1:33  Marine  
  21  1:42  SCV  
  22  1:51  Marine  
  22  1:52  Barracks  
  23  1:54  SCV  
  23  1:57  Refinery  
  24  2:05  Supply Depot  
  24  2:07  Orbital Command  
  24  2:09  Marine  
  25  2:27  Marine  
  26  2:32  SCV  
  27  2:39  Marine  
  28  2:44  SCV  
  28  2:46  Command Center  
  29  3:04  SCV  
  30  3:06  Factory  
  30  3:07  Marine  
  30  3:11  Marine  
  32  3:17  SCV  
  33  3:25  Marine  
  34  3:29  SCV, Marine  
  36  3:39  Barracks  
  36  3:41  SCV  
  37  3:45  Barracks Tech Lab  
  37  3:50  Barracks Tech Lab  
  37  3:51  Factory Tech Lab  
  37  3:53  SCV  
  38  3:58  SCV  
  39  4:03  Supply Depot  
  39  4:05  SCV  
  39  4:08  Marine  
  41  4:10  SCV  
  41  4:12  Marine  
  41  4:17  SCV, Stimpack  
  43  4:22  SCV  
  43  4:24  Siege Tank  
  48  4:27  Combat Shield  
  48  4:29  SCV  
  49  4:34  SCV, Marine  
  49  4:37  Marine  
  52  4:39  Marine  
  52  4:41  SCV  
  54  4:47  Orbital Command  
  54  4:53  Marauder  
  54  4:55  Supply Depot, Marauder  
  58  5:14  Marauder  
  58  5:17  Marauder  
  58  5:19  Marine  
  60  5:22  Ghost Academy  
  60  5:26  Supply Depot  
  62  5:36  Marauder  
  62  5:38  Marauder, Command Center  
  63  5:45  Marine  
  64  5:56  Marine  
  65  5:59  Ghost  
  67  6:05  Supply Depot, Barracks Reactor  
  67  6:15  Marauder  
  68  6:28  Marauder  
  69  6:33  Supply Depot  
  69  6:36  Marauder  
  63  6:41  Marine x2  
  63  6:49  Marauder  
  65  6:57  Marauder, Starport  
  65  6:59  Marine  
  62  7:11  Marauder, Marine  
  65  7:17  Marine  
  65  7:18  Ghost, SCV, Refinery  
  62  7:24  SCV, Refinery  
  62  7:29  Marine  
  62  7:32  Marauder  
  62  7:35  Marine  
  65  7:38  Fusion Core, Starport Tech Lab  
  65  7:41  SCV x2  
  67  7:46  Marine  
  67  7:47  Marauder, SCV  
  71  7:52  Marine  
  71  7:53  SCV x2  
  71  7:54  Marauder  
  76  8:04  Marine  
  77  8:09  Marauder  
  77  8:10  Marine  
  80  8:15  Medivac, Marauder  
  84  8:22  Marine  
  85  8:29  Ghost  
  85  8:30  Command Center  
  87  8:36  Marauder  
  87  8:40  Concussive Shells  
  89  8:43  Engineering Bay  
  89  8:45  Medivac  
  91  8:52  Supply Depot  
  91  8:58  Marauder  
  91  8:59  Marauder  
  95  9:11  Terran Infantry Weapons Level 1  
  95  9:15  Battlecruiser  
  101  9:19  Marauder  
  101  9:20  Marauder  
  101  9:22  Supply Depot  
  105  9:36  Marine  
  105  9:37  Marine  
  98  9:40  Marauder  
  98  9:41  Marauder  
  98  9:43  SCV  
  98  9:44  SCV  
  98  9:45  SCV  
  91  9:48  SCV  
  80  9:54  Marine x2  
  80  9:55  SCV  
  80  9:56  SCV  
  80  9:57  SCV  
  81  10:00  SCV  
  81  10:02  Marauder  
  81  10:03  Marauder  
  86  10:07  SCV  
  86  10:08  SCV  
  86  10:09  SCV  
  86  10:12  SCV, Marine x2  
  92  10:19  SCV  
  92  10:21  SCV  
  94  10:22  SCV  
  94  10:23  Ghost, Marine  
  94  10:24  SCV  
  99  10:30  Marine  
  99  10:31  Marine  
  101  10:38  Battlecruiser  
  101  10:41  Marauder  
  109  10:47  Marine  
  110  10:50  Marine  
  110  10:53  Marauder  
  113  10:57  Supply Depot  
  113  10:58  Siege Tank  
  113  11:02  Marine  
  117  11:05  Marine  
  117  11:07  Marine  
  119  11:14  Marauder  
  121  11:19  Refinery  
  121  11:20  Marauder  
  121  11:25  Supply Depot  
  123  11:27  Refinery  
  123  11:30  Siege Tank  
  126  11:42  Battlecruiser  
  126  11:44  SCV  
  133  11:51  Supply Depot, SCV x2  
  133  11:52  SCV  
  136  12:00  Factory  
  136  12:02  Hellion  
  138  12:18  Supply Depot  
  138  12:23  Siege Tank  
  138  12:28  Engineering Bay  
  141  12:31  Orbital Command  
  141  12:36  Missile Turret  
  141  12:38  Missile Turret  
  141  12:41  Missile Turret  
  141  12:44  Hellion  
  143  12:45  Supply Depot  
  143  12:46  Battlecruiser  
  143  12:48  Missile Turret  
  149  12:52  Factory  
  149  12:55  Hellion, Missile Turret  
  151  13:00  Missile Turret  
  147  13:05  Factory Tech Lab  
  147  13:12  Armory  
  140  13:13  Command Center, Marine  
  140  13:14  Marine  
  140  13:15  Marine  
  140  13:16  Marine  
  140  13:17  Supply Depot, Siege Tank  
  142  13:24  Hellion  
  142  13:31  Marine  
  142  13:32  Marine  
  142  13:33  Marine  
  134  13:35  Hellion  
  136  13:45  Hellion  
  136  13:47  Marine  
  131  13:49  Siege Tank  
  131  13:50  Battlecruiser  
  131  13:54  Planetary Fortress, Armory  
  140  13:57  Hellion  
  142  14:06  Thor  
  148  14:14  Supply Depot  
  148  14:19  Factory Tech Lab  
  148  14:20  Thor  
  154  14:27  SCV  
  154  14:29  SCV  
  154  14:30  SCV  
  154  14:31  SCV  
  158  14:32  SCV  
  158  14:38  Refinery  
  159  14:39  SCV, Widow Mine  
  159  14:42  SCV  
  159  14:43  Missile Turret  
  159  14:45  Refinery  
  163  14:49  Siege Tank  
  166  14:54  Viking  
  168  15:06  Planetary Fortress  
  168  15:10  Marine  
  168  15:11  Marine x2  
  168  15:12  Missile Turret, Marine  
  169  15:17  Siege Tank  
  169  15:18  Missile Turret  
  172  15:22  Siege Tank  
  172  15:28  Marine  
  179  15:29  Marine x2  
  187  15:54  Missile Turret  
Show
View Real Time Build Order
Export as new Build Order

A.I. 5 (Harder) Protoss - Winner!

Build Orders:  

Get SALT Encoding   

  12  0:01  Probe  
  13  0:13  Probe  
  14  0:22  Pylon  
  14  0:25  Probe  
  15  0:36  Probe  
  16  0:44  Probe  
  16  0:49  Assimilator  
  17  0:52  Gateway  
  17  0:53  Probe  
  18  1:01  Probe  
  18  1:02  Pylon  
  19  1:23  Probe  
  20  1:41  Zealot  
  20  1:43  Cybernetics Core  
  20  1:45  Gateway  
  22  1:49  Assimilator  
  22  2:07  Pylon  
  22  2:11  Zealot  
  22  2:19  Warp Gate  
  24  2:32  Stalker  
  26  2:39  Stalker  
  28  2:52  Pylon  
  28  3:02  Stalker  
  28  3:05  Probe  
  30  3:08  Adept  
  33  3:13  Probe  
  34  3:22  Probe  
  35  3:28  Pylon  
  35  3:32  Stalker  
  37  3:34  Probe  
  37  3:38  Stalker  
  40  3:42  Forge  
  40  3:46  Probe  
  41  3:56  Adept  
  41  3:58  Probe  
  44  4:42  Adept  
  44  4:44  Gateway  
  46  4:50  Adept, Pylon  
  48  4:58  Protoss Ground Weapons Level 1  
  48  5:03  Sentry  
  50  5:11  Adept, Pylon  
  52  5:14  Robotics Facility  
  52  5:24  Sentry  
  54  5:29  Photon Cannon  
  54  5:32  Adept  
  56  5:38  Photon Cannon  
  56  5:39  Adept  
  56  5:47  Zealot  
  58  5:52  Stargate  
  58  5:55  Adept  
  60  6:02  Observer  
  61  6:10  Twilight Council  
  61  6:13  Forge  
  61  6:17  Observer  
  56  6:27  Nexus  
  50  6:40  Zealot  
  50  6:45  Protoss Ground Armor Level 1  
  52  6:47  Adept  
  54  6:55  Adept  
  54  7:03  Stalker  
  56  7:11  Stalker  
  56  7:19  Stalker  
  58  7:27  Stalker  
  60  7:40  Probe  
  60  7:43  Probe  
  62  7:52  Probe  
  62  7:55  Probe  
  62  7:56  Pylon  
  64  7:59  Pylon  
  64  8:04  Probe  
  65  8:07  Probe  
  66  8:16  Probe  
  66  8:19  Probe, Photon Cannon  
  68  8:28  Probe  
  68  8:31  Probe  
  70  8:39  Probe  
  70  8:40  Probe  
  71  8:47  Stalker x2  
  72  8:49  Gateway  
  72  8:52  Probe  
  72  8:54  Robotics Facility  
  73  8:59  Stargate  
  73  9:03  Nexus  
  73  9:10  Immortal  
  77  9:36  Robotics Bay  
  77  9:42  Assimilator  
  77  9:49  Assimilator  
  75  9:57  Warp Prism  
  75  9:58  Warp Prism  
  77  10:26  Warp Prism  
  77  10:27  Zealot  
  77  10:28  Observer  
  79  10:29  Assimilator  
  79  10:34  Assimilator  
  82  10:45  Immortal  
  86  10:59  Immortal  
  84  11:08  Stalker  
  76  11:17  Stalker  
  76  11:26  Colossus  
  82  11:36  Sentry  
  82  11:38  Probe  
  85  11:40  Probe  
  85  11:42  Probe  
  85  11:45  Colossus  
  93  11:47  Probe  
  94  11:58  Probe  
  94  12:04  Probe  
  94  12:06  Probe  
  97  12:08  Probe  
  97  12:14  Probe  
  98  12:18  Pylon  
  98  12:20  Probe  
  98  12:22  Probe x2  
  102  12:30  Probe  
  102  12:33  Probe  
  102  12:34  Protoss Ground Weapons Level 2  
  104  12:37  Probe  
  104  12:39  Stargate  
  104  12:40  Protoss Ground Armor Level 2  
  104  12:42  Void Ray  
  104  12:44  Pylon, Zealot  
  107  12:48  Gateway  
  107  12:51  Fleet Beacon  
  111  13:01  Zealot  
  113  13:06  Zealot  
  113  13:11  Pylon, Stalker  
  117  13:17  Stalker  
  119  13:22  Sentry  
  115  13:27  Void Ray  
  115  13:32  Colossus  
  123  13:38  Probe, Pylon, Sentry  
  123  13:39  Probe  
  123  13:42  Tempest, Blink  
  123  13:43  Tempest  
  123  13:45  Probe  
  123  13:48  Zealot  
  131  13:49  Probe  
  131  13:51  Probe  
  138  13:57  Probe  
  138  14:00  Pylon  
  138  14:02  Gravitic Boosters  
  139  14:24  Pylon  
  133  14:42  Colossus  
  139  15:11  Nexus  
Tags
 
Add a new tag
Caveats
  • Supply blocks, unpowered buildings, or Contaminate may cause inaccurate times.
  • Supply counts are checked every 10 seconds.